Connexion

DETROIT Red Wings vs OTTAWA Senators

Created - 29 juillet 2023 at 05:48

Goals
1 2 3 T
DETROIT Red Wings 3 0 1 4
OTTAWA Senators 1 1 0 2
Shots
1 2 3 T
DETROIT Red Wings 15 8 11 34
OTTAWA Senators 5 11 10 26

GoalsPenalties
1st period
1. DETROIT Red Wings , Gabriel Landeskog 1 (Erik Karlsson 1, Nathan Mackinnon 1) at 0:14
2. OTTAWA Senators , Josh Norris 1 (Zach Werenski 1) at 8:02
3. DETROIT Red Wings , Nathan Mackinnon 1 (Morgan Rielly 1, Jake Bean 1) at 9:15
4. DETROIT Red Wings , Tyson Jost 1 (Mike Amadio 1, Sami Niku 2) at 12:00
Nikita Zadorov (DET) for Hooking (Minor) at 19:21
2nd period
5. OTTAWA Senators , Martin Necas 1 (Zach Werenski 2, Travis Sanheim 1) at 15:01
Steven Stamkos (OTT) for Hooking (Minor) at 10:38
3rd period
6. DETROIT Red Wings , Valeri Nichushkin 1 (Sami Niku 3, Mike Amadio 2) at 2:47
Gabriel Landeskog (DET) for Hooking (Minor) at 11:56
Goalie Stats
Elvis Merzlikins (DET), 24 saves from 26 shots - (0,923), W, 1-0-1, 60:00 minutes
Connor Hellebuyck (OTT), 30 saves from 34 shots - (0,882), L, 0-1-0, 60:00 minutes
3 StarsOfficial
1 - Nathan Mackinnon (DET)
2 - Mike Amadio (DET)
3 - Valeri Nichushkin (DET)
Referees : Dave Jackson and Rob Shick
Linesman : Thor Nelson and Pierre Champoux
Game Note
No Game Note
Finance
Level 1 -- Attendance: 6000 (100,00%) -- Ticket Income 750 000 $
Level 2 -- Attendance: 5911 (96,07%) -- Ticket Income 384 215 $
Level 3 -- Attendance: 1898 (94,90%) -- Ticket Income 94 900 $
Level 4 -- Attendance: 2813 (70,33%) -- Ticket Income 112 520 $
Luxury Box -- Attendance: 953 (95,30%) -- Ticket Income 228 720 $
Game was played at the Scotiabank Place.
Total Attendance: 17575 (91,76%)
Total Ticket Income: 1 570 355 $
Other Income: 314 071 $
Total Income: 1 884 426 $



Team Name Goals Shots Shots Attemp Shots Blocked PIM HIT PP PK FO%
DETROIT Red Wings 4347964180 / 1 (0%)040%
OTTAWA Senators 22650222230 / 2 (0%)060%

DETROIT Red Wings
Player Name POS G A P +/- PIM HIT SHT SB MP PP MP PP SHT PK MP PK SHT FO% FOT
Ben MeyersC/LW000-100106:390:0000:0000% 0
Devon ToewsD0001040123:440:4602:0700% 0
Drake BathersonC/RW000-1013017:041:1300:1600% 0
Erik KarlssonD0111023121:500:4600:0000% 0
Gabriel LandeskogLW/RW1012232019:560:0001:1600% 1
Jake BeanD011-1001018:560:4601:4000% 0
Jake DeBruskLW/RW000-1003016:481:1300:0000% 0
Jamie BennC/LW000-1012016:210:4600:00020% 15
Mattias JanmarkC/LW/RW000-100307:090:0000:3010% 0
Mike AmadioC/LW/RW0222013016:120:0003:04060% 10
Mikko RantanenC/LW/RW0002003020:060:4600:3900% 0
Morgan RiellyD011-1012119:391:1301:4300% 0
Nathan MackinnonC/RW1122002119:270:4600:00040% 20
Nikita ZadorovD0002240017:210:0000:5300% 0
Noah GregorC000-100006:390:0000:00050% 8
Sami NikuD0222000118:290:2701:3300% 0
Tyson JostC/LW1012003114:511:1300:30044% 16
Valeri NichushkinLW/RW1012013014:490:0001:4100% 0
OTTAWA Senators
Player Name POS G A P +/- PIM HIT SHT SB MP PP MP PP SHT PK MP PK SHT FO% FOT
Adrian KempeC/LW/RW0002022019:072:0310:5400% 0
Alex TuchC/RW000-2015021:371:5510:1600% 0
Alexander EdlerD000-3010214:500:0000:0000% 0
Antoine RousselLW/RW000001106:100:0000:000100% 1
Barrett HaytonC/LW000-2013012:170:0000:000100% 1
Cale MakarD000-1002324:222:5710:4900% 0
Charlie McAvoyD000-1031224:222:5700:4900% 0
Evan BouchardD000-3020114:500:0000:0000% 0
Filip ChytilC000-2001112:170:0000:00067% 12
John TavaresC000-2030022:261:5501:05062% 26
Josh NorrisC1012015116:100:0000:00053% 17
Martin NecasC/RW1012012119:072:0300:54043% 7
Owen TippettLW/RW000001106:100:0000:000100% 1
Peyton KrebsC/LW000000006:590:0000:49060% 5
Robert ThomasC/RW000-2011114:202:0300:0000% 0
Steven StamkosC/LW/RW000-2212121:201:5510:0000% 0
Travis SanheimD0112030420:481:0101:1000% 0
Zach WerenskiD0222010520:481:0101:1000% 0



Play-by-Play

1st period


0:01 of 1st period - John Tavares wins face-off versus Nathan Mackinnon in neutral zone.
0:12 of 1st period - Shot by Erik Karlsson.
0:12 of 1st period - Stopped by Connor Hellebuyck with a rebound.
0:14 of 1st period - Shot by Erik Karlsson.
0:14 of 1st period - Deflect By Gabriel Landeskog.
0:14 of 1st period - Goal by Gabriel Landeskog - DETROIT Red Wings : 1 - OTTAWA Senators : 0.
0:15 of 1st period - Jamie Benn wins face-off versus Josh Norris in neutral zone.
1:20 of 1st period - Shot by Mike Amadio.
1:20 of 1st period - Stopped by Connor Hellebuyck without a rebound.
1:21 of 1st period - Nathan Mackinnon wins face-off versus John Tavares in OTTAWA Senators zone.
1:23 of 1st period - Gabriel Landeskog is hit by Charlie McAvoy and loses puck.
1:47 of 1st period - Devon Toews is hit by Charlie McAvoy.
2:00 of 1st period - Shot by Alex Tuch.
2:00 of 1st period - Stopped by Elvis Merzlikins without a rebound.
2:01 of 1st period - Antoine Roussel wins face-off versus Tyson Jost in DETROIT Red Wings zone.
2:38 of 1st period - Nikita Zadorov is hit by Owen Tippett and loses puck.
3:56 of 1st period - Jake Bean is hit by Barrett Hayton and loses puck.
4:06 of 1st period - Nathan Mackinnon is hit by John Tavares and loses puck.
4:20 of 1st period - Shot by Nathan Mackinnon.
4:20 of 1st period - Shot Hit the Post.
4:40 of 1st period - Shot by Alex Tuch.
4:40 of 1st period - Stopped by Elvis Merzlikins without a rebound.
4:41 of 1st period - Josh Norris wins face-off versus Jamie Benn in DETROIT Red Wings zone.
4:41 of 1st period - Martin Necas is hit by Nikita Zadorov and loses puck.
5:00 of 1st period - Shot by Jamie Benn.
5:00 of 1st period - Stopped by Connor Hellebuyck without a rebound.
5:01 of 1st period - Tyson Jost wins face-off versus Peyton Krebs in OTTAWA Senators zone.
5:02 of 1st period - Shot by Valeri Nichushkin.
5:02 of 1st period - Stopped by Connor Hellebuyck without a rebound.
5:03 of 1st period - John Tavares wins face-off versus Jamie Benn in OTTAWA Senators zone.
5:13 of 1st period - Jake DeBrusk is hit by Charlie McAvoy.
5:20 of 1st period - Charlie McAvoy is hit by Jamie Benn and loses puck.
5:29 of 1st period - Shot by Erik Karlsson.
5:29 of 1st period - Stopped by Connor Hellebuyck without a rebound.
5:30 of 1st period - Mike Amadio wins face-off versus Josh Norris in OTTAWA Senators zone.
5:49 of 1st period - Shot by Mike Amadio.
5:49 of 1st period - Shot Blocked by Martin Necas.
5:51 of 1st period - Shot by Tyson Jost.
5:51 of 1st period - Stopped by Connor Hellebuyck with a rebound.
5:53 of 1st period - Shot by Tyson Jost.
5:53 of 1st period - Shot Misses the Net.
5:55 of 1st period - Shot by Morgan Rielly.
5:55 of 1st period - Stopped by Connor Hellebuyck without a rebound.
5:56 of 1st period - John Tavares wins face-off versus Nathan Mackinnon in OTTAWA Senators zone.
6:31 of 1st period - Shot by Mikko Rantanen.
6:31 of 1st period - Shot Misses the Net.
7:35 of 1st period - Nikita Zadorov is hit by John Tavares and loses puck.
7:54 of 1st period - Shot by Mike Amadio.
7:54 of 1st period - Stopped by Connor Hellebuyck without a rebound.
7:55 of 1st period - Josh Norris wins face-off versus Noah Gregor in OTTAWA Senators zone.
8:00 of 1st period - Shot by Zach Werenski.
8:00 of 1st period - Shot Misses the Net.
8:02 of 1st period - Shot by Josh Norris.
8:02 of 1st period - Goal by Josh Norris - DETROIT Red Wings : 1 - OTTAWA Senators : 1.
8:03 of 1st period - Tyson Jost wins face-off versus Josh Norris in neutral zone.
9:15 of 1st period - Shot by Nathan Mackinnon.
9:15 of 1st period - Goal by Nathan Mackinnon - DETROIT Red Wings : 2 - OTTAWA Senators : 1.
9:16 of 1st period - Peyton Krebs wins face-off versus Jamie Benn in neutral zone.
9:42 of 1st period - Shot by Jamie Benn.
9:42 of 1st period - Stopped by Connor Hellebuyck without a rebound.
9:43 of 1st period - Filip Chytil wins face-off versus Nathan Mackinnon in OTTAWA Senators zone.
10:46 of 1st period - Shot by Josh Norris.
10:46 of 1st period - Stopped by Elvis Merzlikins without a rebound.
10:47 of 1st period - John Tavares wins face-off versus Jamie Benn in DETROIT Red Wings zone.
10:50 of 1st period - Shot by John Tavares.
10:50 of 1st period - Shot Blocked by Erik Karlsson.
12:00 of 1st period - Shot by Tyson Jost.
12:00 of 1st period - Goal by Tyson Jost - DETROIT Red Wings : 3 - OTTAWA Senators : 1.
12:01 of 1st period - Josh Norris wins face-off versus Noah Gregor in neutral zone.
12:34 of 1st period - Shot by Noah Gregor.
12:34 of 1st period - Shot Misses the Net.
12:36 of 1st period - Shot by Mattias Janmark.
12:36 of 1st period - Shot Blocked by Josh Norris.
12:59 of 1st period - Josh Norris is hit by Gabriel Landeskog and loses puck.
13:25 of 1st period - Sami Niku is hit by Travis Sanheim and loses puck.
13:30 of 1st period - Shot by Nathan Mackinnon.
13:30 of 1st period - Shot Blocked by Travis Sanheim.
14:06 of 1st period - Shot by Mike Amadio.
14:06 of 1st period - Shot Blocked by Filip Chytil.
14:12 of 1st period - Shot by Tyson Jost.
14:12 of 1st period - Shot Misses the Net.
14:16 of 1st period - Shot by Mike Amadio.
14:16 of 1st period - Shot Blocked by Travis Sanheim.
14:20 of 1st period - Shot by Mike Amadio.
14:20 of 1st period - Stopped by Connor Hellebuyck without a rebound.
14:21 of 1st period - John Tavares wins face-off versus Jamie Benn in OTTAWA Senators zone.
15:31 of 1st period - Shot by Charlie McAvoy.
15:31 of 1st period - Stopped by Elvis Merzlikins with a rebound.
15:37 of 1st period - Shot by Peyton Krebs.
15:37 of 1st period - Shot Misses the Net.
15:39 of 1st period - Shot by Cale Makar.
15:39 of 1st period - Shot Misses the Net.
16:28 of 1st period - Icing by Travis Sanheim.
16:29 of 1st period - Noah Gregor wins face-off versus Josh Norris in OTTAWA Senators zone.
16:40 of 1st period - Shot by Ben Meyers.
16:40 of 1st period - Stopped by Connor Hellebuyck with a rebound.
16:42 of 1st period - Shot by Devon Toews.
16:42 of 1st period - Shot Misses the Net.
16:51 of 1st period - Noah Gregor is hit by Zach Werenski.
16:56 of 1st period - Icing by Travis Sanheim.
16:57 of 1st period - Tyson Jost wins face-off versus Josh Norris in OTTAWA Senators zone.
17:18 of 1st period - Shot by Mike Amadio.
17:18 of 1st period - Shot Misses the Net.
17:20 of 1st period - Shot by Mike Amadio.
17:20 of 1st period - Shot Misses the Net.
17:22 of 1st period - Shot by Tyson Jost.
17:22 of 1st period - Shot Blocked by Travis Sanheim.
18:04 of 1st period - Shot by Jake DeBrusk.
18:04 of 1st period - Shot Blocked by Zach Werenski.
18:06 of 1st period - Shot by Jake DeBrusk.
18:06 of 1st period - Stopped by Connor Hellebuyck without a rebound.
18:07 of 1st period - John Tavares wins face-off versus Nathan Mackinnon in OTTAWA Senators zone.
18:52 of 1st period - Shot by Alex Tuch.
18:52 of 1st period - Shot Misses the Net.
19:09 of 1st period - Filip Chytil is hit by Nikita Zadorov and loses puck.
19:15 of 1st period - Robert Thomas is hit by Nikita Zadorov and loses puck.
19:21 of 1st period - Minor Penalty to Nikita Zadorov for Hooking.
19:22 of 1st period - Mike Amadio wins face-off versus John Tavares in DETROIT Red Wings zone.
Goals for this period are 3 for DETROIT Red Wings vs 1 for OTTAWA Senators.
Shots for this period are 15 for DETROIT Red Wings vs 5 for OTTAWA Senators.

2nd period


0:01 of 2nd period - Mike Amadio wins face-off versus John Tavares in neutral zone.
0:07 of 2nd period - Icing by Charlie McAvoy.
0:08 of 2nd period - John Tavares wins face-off versus Mike Amadio in OTTAWA Senators zone.
0:15 of 2nd period - Shot by Cale Makar.
0:15 of 2nd period - Shot Misses the Net.
0:17 of 2nd period - Shot by Cale Makar.
0:17 of 2nd period - Shot Misses the Net.
0:19 of 2nd period - Shot by Cale Makar.
0:19 of 2nd period - Stopped by Elvis Merzlikins without a rebound.
0:20 of 2nd period - Mike Amadio wins face-off versus Martin Necas in DETROIT Red Wings zone.
0:39 of 2nd period - Icing by Cale Makar.
0:40 of 2nd period - Martin Necas wins face-off versus Mike Amadio in OTTAWA Senators zone.
0:49 of 2nd period - Shot by Cale Makar.
0:49 of 2nd period - Deflect By Adrian Kempe.
0:49 of 2nd period - Stopped by Elvis Merzlikins with a rebound.
1:05 of 2nd period - Shot by Adrian Kempe.
1:05 of 2nd period - Shot Misses the Net.
1:12 of 2nd period - Icing by Cale Makar.
1:13 of 2nd period - Tyson Jost wins face-off versus Martin Necas in OTTAWA Senators zone.
1:14 of 2nd period - Shot by Mattias Janmark.
1:14 of 2nd period - Stopped by Connor Hellebuyck without a rebound.
1:15 of 2nd period - Mike Amadio wins face-off versus John Tavares in OTTAWA Senators zone.
1:16 of 2nd period - Shot by Gabriel Landeskog.
1:16 of 2nd period - Shot Misses the Net.
1:33 of 2nd period - Icing by Alexander Edler.
1:34 of 2nd period - Noah Gregor wins face-off versus Peyton Krebs in OTTAWA Senators zone.
4:17 of 2nd period - Icing by Martin Necas.
4:18 of 2nd period - Tyson Jost wins face-off versus Josh Norris in OTTAWA Senators zone.
4:23 of 2nd period - Shot by Tyson Jost.
4:23 of 2nd period - Shot Blocked by Alexander Edler.
4:25 of 2nd period - Shot by Tyson Jost.
4:25 of 2nd period - Stopped by Connor Hellebuyck without a rebound.
4:26 of 2nd period - John Tavares wins face-off versus Tyson Jost in OTTAWA Senators zone.
4:26 of 2nd period - John Tavares is hit by Valeri Nichushkin.
5:14 of 2nd period - Valeri Nichushkin is hit by Steven Stamkos and loses puck.
6:24 of 2nd period - Off-side.
6:25 of 2nd period - Nathan Mackinnon wins face-off versus Filip Chytil in neutral zone.
6:34 of 2nd period - Shot by Mikko Rantanen.
6:34 of 2nd period - Shot Blocked by Robert Thomas.
6:36 of 2nd period - Shot by Mikko Rantanen.
6:36 of 2nd period - Shot Blocked by Alexander Edler.
6:44 of 2nd period - Shot by Mikko Rantanen.
6:44 of 2nd period - Stopped by Connor Hellebuyck without a rebound.
6:45 of 2nd period - Noah Gregor wins face-off versus John Tavares in OTTAWA Senators zone.
6:54 of 2nd period - Ben Meyers is hit by John Tavares and loses puck.
7:05 of 2nd period - Shot by Sami Niku.
7:05 of 2nd period - Shot Blocked by Charlie McAvoy.
7:07 of 2nd period - Shot by Sami Niku.
7:07 of 2nd period - Shot Misses the Net.
7:09 of 2nd period - Shot by Nikita Zadorov.
7:09 of 2nd period - Shot Misses the Net.
7:11 of 2nd period - Shot by Sami Niku.
7:11 of 2nd period - Shot Blocked by Cale Makar.
7:13 of 2nd period - Shot by Noah Gregor.
7:13 of 2nd period - Shot Blocked by Cale Makar.
7:15 of 2nd period - Shot by Sami Niku.
7:15 of 2nd period - Shot Blocked by Steven Stamkos.
7:29 of 2nd period - Shot by Alex Tuch.
7:29 of 2nd period - Deflect By Steven Stamkos.
7:29 of 2nd period - Stopped by Elvis Merzlikins without a rebound.
7:30 of 2nd period - Filip Chytil wins face-off versus Nathan Mackinnon in DETROIT Red Wings zone.
7:30 of 2nd period - Barrett Hayton is hit by Devon Toews and loses puck.
7:47 of 2nd period - Shot by Mikko Rantanen.
7:47 of 2nd period - Stopped by Connor Hellebuyck without a rebound.
7:48 of 2nd period - Josh Norris wins face-off versus Jamie Benn in OTTAWA Senators zone.
8:09 of 2nd period - Shot by Drake Batherson.
8:09 of 2nd period - Shot Blocked by Zach Werenski.
8:11 of 2nd period - Shot by Jake Bean.
8:11 of 2nd period - Deflect By Jamie Benn.
8:11 of 2nd period - Shot Blocked by Zach Werenski.
8:19 of 2nd period - Shot by Jake Bean.
8:19 of 2nd period - Shot Misses the Net.
8:36 of 2nd period - Icing by Travis Sanheim.
8:37 of 2nd period - Nathan Mackinnon wins face-off versus Josh Norris in OTTAWA Senators zone.
9:12 of 2nd period - Shot by Gabriel Landeskog.
9:12 of 2nd period - Shot Blocked by Charlie McAvoy.
9:14 of 2nd period - Shot by Erik Karlsson.
9:14 of 2nd period - Stopped by Connor Hellebuyck without a rebound.
9:15 of 2nd period - Filip Chytil wins face-off versus Mike Amadio in OTTAWA Senators zone.
9:56 of 2nd period - Shot by Robert Thomas.
9:56 of 2nd period - Shot Misses the Net.
9:58 of 2nd period - Shot by Barrett Hayton.
9:58 of 2nd period - Stopped by Elvis Merzlikins without a rebound.
9:59 of 2nd period - Nathan Mackinnon wins face-off versus John Tavares in DETROIT Red Wings zone.
9:59 of 2nd period - Nathan Mackinnon is hit by Alex Tuch.
10:17 of 2nd period - Shot by Nathan Mackinnon.
10:17 of 2nd period - Stopped by Connor Hellebuyck with a rebound.
10:38 of 2nd period - Minor Penalty to Steven Stamkos for Hooking.
10:39 of 2nd period - John Tavares wins face-off versus Tyson Jost in OTTAWA Senators zone.
11:35 of 2nd period - Shot by Jamie Benn.
11:35 of 2nd period - Shot Misses the Net.
11:37 of 2nd period - Shot by Devon Toews.
11:37 of 2nd period - Shot Blocked by Cale Makar.
11:52 of 2nd period - Shot by Devon Toews.
11:52 of 2nd period - Shot Misses the Net.
11:54 of 2nd period - Shot by Devon Toews.
11:54 of 2nd period - Shot Misses the Net.
11:56 of 2nd period - Shot by Jake Bean.
11:56 of 2nd period - Shot Misses the Net.
12:06 of 2nd period - Shot by Nathan Mackinnon.
12:06 of 2nd period - Shot Hit the Post.
12:36 of 2nd period - Shot by Morgan Rielly.
12:36 of 2nd period - Shot Misses the Net.
12:38 of 2nd period - Shot by Drake Batherson.
12:38 of 2nd period - Stopped by Connor Hellebuyck with a rebound.
12:40 of 2nd period - Shot by Mattias Janmark.
12:40 of 2nd period - Stopped by Connor Hellebuyck without a rebound.
12:41 of 2nd period - Noah Gregor wins face-off versus Filip Chytil in OTTAWA Senators zone.
12:42 of 2nd period - Shot by Mattias Janmark.
12:42 of 2nd period - Shot Misses the Net.
13:10 of 2nd period - Shot by Noah Gregor.
13:10 of 2nd period - Shot Misses the Net.
14:51 of 2nd period - Shot by Drake Batherson.
14:51 of 2nd period - Shot Misses the Net.
15:01 of 2nd period - Shot by Martin Necas.
15:01 of 2nd period - Goal by Martin Necas - DETROIT Red Wings : 3 - OTTAWA Senators : 2.
15:02 of 2nd period - John Tavares wins face-off versus Tyson Jost in neutral zone.
15:02 of 2nd period - Steven Stamkos is hit by Mike Amadio and loses puck.
15:06 of 2nd period - Steven Stamkos is hit by Nikita Zadorov and loses puck.
15:45 of 2nd period - Shot by Alex Tuch.
15:45 of 2nd period - Stopped by Elvis Merzlikins without a rebound.
15:46 of 2nd period - Filip Chytil wins face-off versus Nathan Mackinnon in DETROIT Red Wings zone.
15:56 of 2nd period - Icing by Devon Toews.
15:57 of 2nd period - Nathan Mackinnon wins face-off versus Martin Necas in DETROIT Red Wings zone.
16:16 of 2nd period - Icing by Devon Toews.
16:17 of 2nd period - Nathan Mackinnon wins face-off versus John Tavares in DETROIT Red Wings zone.
16:52 of 2nd period - Shot by Nathan Mackinnon.
16:52 of 2nd period - Shot Blocked by Zach Werenski.
17:46 of 2nd period - Shot by Cale Makar.
17:46 of 2nd period - Shot Misses the Net.
17:48 of 2nd period - Shot by Adrian Kempe.
17:48 of 2nd period - Stopped by Elvis Merzlikins without a rebound.
17:49 of 2nd period - Filip Chytil wins face-off versus Tyson Jost in DETROIT Red Wings zone.
17:56 of 2nd period - Shot by Barrett Hayton.
17:56 of 2nd period - Shot Misses the Net.
17:58 of 2nd period - Shot by Barrett Hayton.
17:58 of 2nd period - Stopped by Elvis Merzlikins without a rebound.
17:59 of 2nd period - Peyton Krebs wins face-off versus Nathan Mackinnon in DETROIT Red Wings zone.
17:59 of 2nd period - Evan Bouchard is hit by Devon Toews and loses puck.
18:20 of 2nd period - Shot by Antoine Roussel.
18:20 of 2nd period - Stopped by Elvis Merzlikins with a rebound.
18:24 of 2nd period - Shot by Owen Tippett.
18:24 of 2nd period - Stopped by Elvis Merzlikins without a rebound.
18:25 of 2nd period - Tyson Jost wins face-off versus John Tavares in DETROIT Red Wings zone.
19:25 of 2nd period - Valeri Nichushkin is hit by Martin Necas and loses puck.
19:40 of 2nd period - Shot by Martin Necas.
19:40 of 2nd period - Deflect By Josh Norris.
19:40 of 2nd period - Shot Misses the Net.
19:42 of 2nd period - Shot by Josh Norris.
19:42 of 2nd period - Shot Misses the Net.
19:46 of 2nd period - Shot by Martin Necas.
19:46 of 2nd period - Shot Blocked by Tyson Jost.
19:48 of 2nd period - Shot by Josh Norris.
19:48 of 2nd period - Stopped by Elvis Merzlikins without a rebound.
19:49 of 2nd period - Filip Chytil wins face-off versus Jamie Benn in DETROIT Red Wings zone.
Goals for this period are 0 for DETROIT Red Wings vs 1 for OTTAWA Senators.
Shots for this period are 8 for DETROIT Red Wings vs 11 for OTTAWA Senators.

3rd period


0:01 of 3rd period - John Tavares wins face-off versus Jamie Benn in neutral zone.
0:22 of 3rd period - Shot by John Tavares.
0:22 of 3rd period - Shot Misses the Net.
0:24 of 3rd period - Shot by Alex Tuch.
0:24 of 3rd period - Stopped by Elvis Merzlikins without a rebound.
0:25 of 3rd period - Josh Norris wins face-off versus Nathan Mackinnon in DETROIT Red Wings zone.
0:30 of 3rd period - Shot by Josh Norris.
0:30 of 3rd period - Shot Misses the Net.
0:32 of 3rd period - Shot by Josh Norris.
0:32 of 3rd period - Stopped by Elvis Merzlikins with a rebound.
0:43 of 3rd period - Icing by Gabriel Landeskog.
0:44 of 3rd period - John Tavares wins face-off versus Nathan Mackinnon in DETROIT Red Wings zone.
0:59 of 3rd period - Shot by Mikko Rantanen.
0:59 of 3rd period - Stopped by Connor Hellebuyck without a rebound.
1:00 of 3rd period - Jamie Benn wins face-off versus Josh Norris in OTTAWA Senators zone.
1:07 of 3rd period - Shot by Drake Batherson.
1:07 of 3rd period - Stopped by Connor Hellebuyck with a rebound.
1:29 of 3rd period - Jamie Benn is hit by Adrian Kempe and loses puck.
1:36 of 3rd period - Travis Sanheim is hit by Drake Batherson and loses puck.
1:45 of 3rd period - Shot by Jamie Benn.
1:45 of 3rd period - Shot Misses the Net.
2:32 of 3rd period - Shot by Steven Stamkos.
2:32 of 3rd period - Shot Blocked by Nathan Mackinnon.
2:34 of 3rd period - Shot by Cale Makar.
2:34 of 3rd period - Stopped by Elvis Merzlikins without a rebound.
2:35 of 3rd period - Tyson Jost wins face-off versus Filip Chytil in DETROIT Red Wings zone.
2:43 of 3rd period - Shot by Valeri Nichushkin.
2:43 of 3rd period - Shot Blocked by Evan Bouchard.
2:47 of 3rd period - Shot by Valeri Nichushkin.
2:47 of 3rd period - Goal by Valeri Nichushkin - DETROIT Red Wings : 4 - OTTAWA Senators : 2.
2:48 of 3rd period - Peyton Krebs wins face-off versus Noah Gregor in neutral zone.
2:55 of 3rd period - Devon Toews is hit by Antoine Roussel and loses puck.
3:03 of 3rd period - Noah Gregor is hit by Alexander Edler and loses puck.
3:24 of 3rd period - Shot by Peyton Krebs.
3:24 of 3rd period - Shot Misses the Net.
3:27 of 3rd period - Icing by Erik Karlsson.
3:28 of 3rd period - John Tavares wins face-off versus Noah Gregor in DETROIT Red Wings zone.
3:34 of 3rd period - Alex Tuch is hit by Erik Karlsson and loses puck.
4:45 of 3rd period - Shot by Drake Batherson.
4:45 of 3rd period - Shot Blocked by Travis Sanheim.
4:55 of 3rd period - Shot by Robert Thomas.
4:55 of 3rd period - Stopped by Elvis Merzlikins without a rebound.
4:56 of 3rd period - Josh Norris wins face-off versus Nathan Mackinnon in DETROIT Red Wings zone.
5:11 of 3rd period - Shot by Martin Necas.
5:11 of 3rd period - Stopped by Elvis Merzlikins without a rebound.
5:12 of 3rd period - Barrett Hayton wins face-off versus Tyson Jost in DETROIT Red Wings zone.
5:37 of 3rd period - Shot by Barrett Hayton.
5:37 of 3rd period - Stopped by Elvis Merzlikins with a rebound.
5:39 of 3rd period - Shot by Filip Chytil.
5:39 of 3rd period - Shot Misses the Net.
5:57 of 3rd period - Shot by Filip Chytil.
5:57 of 3rd period - Stopped by Elvis Merzlikins without a rebound.
5:58 of 3rd period - Josh Norris wins face-off versus Nathan Mackinnon in DETROIT Red Wings zone.
6:26 of 3rd period - Off-side.
6:27 of 3rd period - Jamie Benn wins face-off versus John Tavares in neutral zone.
6:42 of 3rd period - Shot by Drake Batherson.
6:42 of 3rd period - Stopped by Connor Hellebuyck without a rebound.
6:43 of 3rd period - Filip Chytil wins face-off versus Tyson Jost in OTTAWA Senators zone.
7:10 of 3rd period - Shot by Tyson Jost.
7:10 of 3rd period - Deflect By Valeri Nichushkin.
7:10 of 3rd period - Stopped by Connor Hellebuyck without a rebound.
7:11 of 3rd period - John Tavares wins face-off versus Jamie Benn in OTTAWA Senators zone.
7:17 of 3rd period - Travis Sanheim is hit by Morgan Rielly.
7:47 of 3rd period - Shot by Jake Bean.
7:47 of 3rd period - Stopped by Connor Hellebuyck without a rebound.
7:48 of 3rd period - Josh Norris wins face-off versus Nathan Mackinnon in OTTAWA Senators zone.
7:54 of 3rd period - Cale Makar is hit by Devon Toews and loses puck.
8:06 of 3rd period - Martin Necas is hit by Devon Toews and loses puck.
8:22 of 3rd period - Martin Necas is hit by Erik Karlsson and loses puck.
9:01 of 3rd period - Shot by Filip Chytil.
9:01 of 3rd period - Shot Blocked by Morgan Rielly.
9:08 of 3rd period - Icing by Robert Thomas.
9:09 of 3rd period - Filip Chytil wins face-off versus Tyson Jost in OTTAWA Senators zone.
9:15 of 3rd period - Off-side.
9:16 of 3rd period - John Tavares wins face-off versus Jamie Benn in neutral zone.
9:32 of 3rd period - Off-side.
9:33 of 3rd period - Josh Norris wins face-off versus Tyson Jost in neutral zone.
10:05 of 3rd period - Shot by Josh Norris.
10:05 of 3rd period - Stopped by Elvis Merzlikins with a rebound.
10:25 of 3rd period - Valeri Nichushkin is hit by Josh Norris and loses puck.
10:55 of 3rd period - Icing by Erik Karlsson.
10:56 of 3rd period - John Tavares wins face-off versus Gabriel Landeskog in DETROIT Red Wings zone.
11:40 of 3rd period - Shot by John Tavares.
11:40 of 3rd period - Shot Blocked by Devon Toews.
11:42 of 3rd period - Shot by Steven Stamkos.
11:42 of 3rd period - Deflect By Alex Tuch.
11:42 of 3rd period - Shot Misses the Net.
11:56 of 3rd period - Minor Penalty to Gabriel Landeskog for Hooking.
11:57 of 3rd period - Martin Necas wins face-off versus Mike Amadio in DETROIT Red Wings zone.
12:10 of 3rd period - Mike Amadio is hit by Robert Thomas and loses puck.
12:17 of 3rd period - Shot by Cale Makar.
12:17 of 3rd period - Shot Blocked by Sami Niku.
12:19 of 3rd period - Shot by Robert Thomas.
12:19 of 3rd period - Shot Misses the Net.
12:50 of 3rd period - Shot by John Tavares.
12:50 of 3rd period - Deflect By Alex Tuch.
12:50 of 3rd period - Stopped by Elvis Merzlikins with a rebound.
12:52 of 3rd period - Shot by Steven Stamkos.
12:52 of 3rd period - Stopped by Elvis Merzlikins without a rebound.
12:53 of 3rd period - Mike Amadio wins face-off versus Martin Necas in DETROIT Red Wings zone.
13:08 of 3rd period - Mike Amadio is hit by Adrian Kempe and loses puck.
14:19 of 3rd period - Shot by Jake Bean.
14:19 of 3rd period - Shot Misses the Net.
14:21 of 3rd period - Shot by Mattias Janmark.
14:21 of 3rd period - Stopped by Connor Hellebuyck with a rebound.
14:23 of 3rd period - Shot by Morgan Rielly.
14:23 of 3rd period - Stopped by Connor Hellebuyck with a rebound.
14:57 of 3rd period - Shot by Jake DeBrusk.
14:57 of 3rd period - Stopped by Connor Hellebuyck without a rebound.
14:58 of 3rd period - Nathan Mackinnon wins face-off versus Filip Chytil in OTTAWA Senators zone.
14:59 of 3rd period - Shot by Mikko Rantanen.
14:59 of 3rd period - Shot Blocked by Zach Werenski.
15:25 of 3rd period - Robert Thomas is hit by Gabriel Landeskog and loses puck.
15:31 of 3rd period - Nathan Mackinnon is hit by Travis Sanheim and loses puck.
15:37 of 3rd period - Mikko Rantanen is hit by Travis Sanheim and loses puck.
18:07 of 3rd period - Shot by Gabriel Landeskog.
18:07 of 3rd period - Stopped by Connor Hellebuyck without a rebound.
18:08 of 3rd period - Owen Tippett wins face-off versus Jamie Benn in OTTAWA Senators zone.
18:24 of 3rd period - Icing by Devon Toews.
18:25 of 3rd period - Martin Necas wins face-off versus Jamie Benn in DETROIT Red Wings zone.
19:00 of 3rd period - Shot by Jake DeBrusk.
19:00 of 3rd period - Stopped by Connor Hellebuyck without a rebound.
19:01 of 3rd period - Nathan Mackinnon wins face-off versus John Tavares in OTTAWA Senators zone.
19:01 of 3rd period - Gabriel Landeskog is hit by Evan Bouchard.
19:08 of 3rd period - Mikko Rantanen is hit by Evan Bouchard and loses puck.
19:53 of 3rd period - Alex Tuch is hit by Gabriel Landeskog and loses puck.
Goals for this period are 1 for DETROIT Red Wings vs 0 for OTTAWA Senators.
Shots for this period are 11 for DETROIT Red Wings vs 10 for OTTAWA Senators.